 Dungeon Crawl Stone Soup version 0.30-a0-627-gc11e7ae810 (webtiles) character file.

Game seed: 7118808972196365129

584957 Conn the Sorcerer (level 26, -21/142 HPs)
             Began as an Octopode Fire Elementalist on Jan 11, 2023.
             Was a High Priest of Sif Muna.
             Killed from afar by a wendigo (36 damage)
             ... with a seracfall
             ... on level 5 of Cocytus on Jan 12, 2023.
             The game lasted 06:23:46 (82817 turns).

Conn the Sorcerer (Octopode Fire Elementalist)     Turns: 82817, Time: 06:23:47

Health: -21/142    AC: 20    Str: 17    XL:     26   Next: 80%
Magic:  1/60       EV: 24    Int: 38    God:    Sif Muna [*****.]
Gold:   1430       SH: 15    Dex: 22    Spells: 6/73 levels left

rFire   + + +      SeeInvis +    b - +3 Elemental Staff {rElec rF++ rC++ AC+5}
rCold   + . .      Faith    .    v - +3 buckler {AC+3}
rNeg    . . .      Spirit   .    l - +3 crown of Dyrovepreva {rElec Int+2 SInv}
rPois   +          Reflect  +    I - amulet "Guethi Veda" {Reflect Harm rPois SH+5}
rElec   +          Harm     +    W - ring of fire
rCorr   +          Rampage  .    T - ring of wizardry
Will    ++...      Clarity  +    M - ring "Jisatit" {Contam rElec rC+ rCorr MP+9 Str+4}
Stlth   +++++                    O - ring "Atriyhel" {Drain EV+5 Dex+3}
HPRegen 0.43/turn                p - ring "Adelet" {Fire Str+4}
MPRegen 0.37/turn                V - ring of Ascent {rPois rF- AC+4 Str+3 Dex+4}
                                 F - +6 ring of intelligence
                                 S - +4 ring of protection

@: studying Throwing, unable to drink
A: almost no armour, amphibious, 8 rings, camouflage 1, gelatinous body 1,
(nimble swimmer 1), tentacles, clarity, clever 1, strong-willed 1, MP-powered
wands
}: 4/15 runes: serpentine, barnacled, slimy, silver
a: Renounce Religion, Channel Magic, Forget Spell, Divine Exegesis


You were on level 5 of Cocytus.
You worshipped Sif Muna.
Sif Muna was extremely pleased with you.
You visited 11 branches of the dungeon, and saw 53 of its levels.
You also visited: Bailey and Gauntlet.

You collected 8571 gold pieces.
You spent 7141 gold pieces at shops.

Inventory:

Hand Weapons
 a - the +27 heavy crossbow "Sniper" {heavy, Acc+∞ SInv}
   (You bought it in a shop on level 2 of the Orcish Mines)

   Any ammunition fired from it never misses its target.
   SInv:      It lets you see invisible.
 b - the +3 Elemental Staff (weapon) {rElec rF++ rC++ AC+5}
   (You bought it in a shop on level 1 of the Dungeon)

   If the wielder is skilled in Evocations, they can discharge powerful blasts
   of elemental energy when striking with it.
   It enhances your fire, ice, earth and air magic.
   AC:        It affects your AC (+5).
   rF:        It greatly protects you from fire.
   rC:        It greatly protects you from cold.
   rElec:     It insulates you from electricity.
 f - the +5 glaive of Paper {freeze, *Corrode Will+ Int+10}
   (You found it on level 4 of the Snake Pit)

   Int:       It affects your intelligence (+10).
   *Corrode:  It may corrode you when you take damage.
   Will:      It increases your willpower.
 y - a +4 demon blade
 P - a +9 rapier of electrocution
Missiles
 h - 15 curare-tipped darts (quivered)
 k - 2 throwing nets
Armour
 l - the +3 crown of Dyrovepreva (worn) {rElec Int+2 SInv}
   (You bought it in a shop on level 4 of the Vaults)

   Int:       It affects your intelligence (+2).
   rElec:     It insulates you from electricity.
   SInv:      It lets you see invisible.
 v - a +3 buckler of protection (worn)
Magical Staves
 Y - a staff of conjuration
Jewellery
 j - the amulet of the Lich-sworn {Acrobat +Inv rElec Int+2}
   (You found it on level 2 of the Depths)

   [amulet of the acrobat]

   It increases your evasion while moving and waiting.
   Int:       It affects your intelligence (+2).
   rElec:     It insulates you from electricity.
   +Inv:      It lets you turn invisible.
 o - the amulet "Dicoeck" {RegenMP rC- Int+5 Dex+4 Stlth+}
   (You took it off an ironbound convoker on level 5 of the Vaults)

   [amulet of magic regeneration]

   It increases your rate of magic regeneration.
   Int:       It affects your intelligence (+5).
   Dex:       It affects your dexterity (+4).
   rC:        It makes you vulnerable to cold.
   Stlth:     It makes you more stealthy.
 p - the ring "Adelet" (on tentacle) {Fire Str+4}
   (You found it on level 1 of the Elven Halls)

   [ring of fire]

   It enhances your fire magic.
   Str:       It affects your strength (+4).
   rF:        It protects you from fire.
   rC:        It makes you vulnerable to cold.
 t - the amulet "Nihy" {Faith rN+ SInv}
   (You took it off a minotaur in a Gauntlet)

   [amulet of faith]

   It allows you to gain divine favour quickly.
   rN:        It protects you from negative energy.
   SInv:      It lets you see invisible.
 z - the amulet of the Everdark {+Inv Regen+ rCorr Str+3 Int+2}
   (You found it on level 5 of the Pits of Slime)

   [amulet of regeneration]

   Str:       It affects your strength (+3).
   Int:       It affects your intelligence (+2).
   +Inv:      It lets you turn invisible.
   Regen:     It increases your rate of health regeneration.
   rCorr:     It protects you from acid and corrosion.
 F - a +6 ring of intelligence (on tentacle)
 I - the amulet "Guethi Veda" (around mantle) {Reflect Harm rPois SH+5}
   (You bought it in a shop on level 3 of the Depths)

   [amulet of reflection]

   It reflects blocked missile attacks.
   rPois:     It protects you from poison.
   SH:        It affects your SH (+5).
   Harm:      It increases damage dealt and taken.
 M - the ring "Jisatit" (on tentacle) {Contam rElec rC+ rCorr MP+9 Str+4}
   (You found it on level 3 of the Lair of Beasts)

   [ring of magical power]

   Str:       It affects your strength (+4).
   rC:        It protects you from cold.
   rElec:     It insulates you from electricity.
   MP:        It affects your magic capacity (+9).
   Contam:    It causes magical contamination when unequipped.
   rCorr:     It protects you from acid and corrosion.
 O - the ring "Atriyhel" (on tentacle) {Drain EV+5 Dex+3}
   (You found it on level 12 of the Dungeon)

   [ring of evasion]

   EV:        It affects your evasion (+5).
   Dex:       It affects your dexterity (+3).
   Drain:     It drains your maximum health when unequipped.
 S - a +4 ring of protection (on tentacle)
 T - a ring of wizardry (right tentacle)
 V - the ring of Ascent (on tentacle) {rPois rF- AC+4 Str+3 Dex+4}
   (You bought it in a shop on level 2 of the Orcish Mines)

   [ring of protection]

   AC:        It affects your AC (+4).
   Str:       It affects your strength (+3).
   Dex:       It affects your dexterity (+4).
   rF:        It makes you vulnerable to fire.
   rPois:     It protects you from poison.
 W - a ring of fire (left tentacle)
 X - a ring of protection from cold
 Z - an amulet of reflection
Wands
 i - a wand of charming (46)
 r - a wand of light (26)
 B - a wand of roots (19)
 R - a wand of digging (33)
Scrolls
 d - 20 scrolls of teleportation
 e - 5 scrolls of magic mapping
 g - a scroll of butterflies
 w - 9 scrolls of immolation
 x - 7 scrolls of fog
 C - 5 scrolls of fear
 E - 3 scrolls of enchant armour
 K - 3 scrolls of poison
 Q - a scroll of blinking
Potions
 m - 2 potions of haste
 n - 6 potions of attraction
 q - 2 potions of invisibility
 s - 20 potions of curing
 u - a potion of resistance
 A - 9 potions of mutation
 D - 2 potions of cancellation
 G - 8 potions of brilliance
 J - 4 potions of berserk rage
 L - 2 potions of heal wounds
 N - 7 potions of flight
 U - 4 potions of might
Miscellaneous
 c - the horn of Geryon


   Skills:
 + Level 2.3 Fighting
 + Level 1.8 Short Blades
 + Level 2.0 Staves
 + Level 0.7 Throwing
 + Level 8.5 Dodging
 - Level 6.7 Stealth
 + Level 9.4 Shields
 + Level 24.0 Spellcasting
 * Level 17.3 Conjurations
 + Level 5.7 Hexes
 + Level 18.5 Summonings
 + Level 14.7 Translocations
 + Level 21.5 Fire Magic
 + Level 2.9 Ice Magic
 + Level 7.1 Air Magic
 + Level 0.4 Poison Magic
 + Level 9.4 Invocations


You had 6 spell levels left.
You knew the following spells:

 Your Spells              Type           Power      Damage    Failure   Level
a - Foxfire               Conj/Fire      100%       2x1d9     0%          1
b - Dispersal             Tloc           51%        N/A       1%          6
c - Blink                 Tloc           100%       N/A       0%          2
d - Flame Wave            Conj/Fire      100%       2d21      0%          4
e - Scorch                Fire           100%       2d10      0%          2
f - Hailstorm             Conj/Ice       100%       3d20      1%          3
g - Summon Lightning Spi  Summ/Air       100%       N/A       1%          4
h - Malign Gateway        Summ/Tloc      53%        N/A       1%          7
i - Summon Hydra          Summ           56%        N/A       1%          7
j - Ignition              Fire           98%        3d25      1%          8
k - Orb of Destruction    Conj           54%        9d14      1%          7
l - Iskenderun's Mystic   Conj/Tloc      100%       2d19      0%          4
m - Mephitic Cloud        Conj/Pois/Air  100%       N/A       1%          3
n - Fire Storm            Conj/Fire      95%        8d24      9%          9

Your spell library contained the following spells:

 Spells                   Type           Power      Damage    Failure   Level
 Apportation              Tloc           100%       N/A       0%          1
 Kiss of Death            Conj/Necr      100%       2d13      0%          1
 Magic Dart               Conj           100%       1d8       0%          1
 Shock                    Conj/Air       100%       1d9       0%          1
 Summon Small Mammal      Summ           100%       N/A       0%          1
 Call Imp                 Summ           100%       N/A       0%          2
 Momentum Strike          Conj/Tloc      100%       3d10      0%          2
 Searing Ray              Conj           100%       2d8       0%          2
 Static Discharge         Conj/Air       100%       2-7/arc   0%          2
 Call Canine Familiar     Summ           100%       N/A       0%          3
 Dazzling Flash           Conj/Hex       100%       N/A       0%          3
 Gell's Gravitas          Tloc           100%       N/A       0%          3
 Inner Flame              Hex/Fire       100%       N/A       0%          3
 Kindle Blastsparks       Fire/Tloc/Air  100%       2d18      0%          3
 Lesser Beckoning         Tloc           100%       N/A       0%          3
 Summon Guardian Golem    Hex/Summ       95%        N/A       0%          3
 Teleport Other           Tloc           100%       N/A       0%          3
 Vhi's Electric Charge    Tloc/Air       100%       N/A       0%          3
 Manifold Assault         Tloc           100%       N/A       0%          4
 Passage of Golubria      Tloc           100%       N/A       0%          4
 Sticky Flame             Conj/Fire      100%       2d11      0%          4
 Fireball                 Conj/Fire      95%        3d35      0%          5
 Iskenderun's Battlesphe  Conj           100%       2d15      0%          5
 Summon Forest            Summ/Tloc      53%        N/A       0%          5
 Freeze                   Ice            100%       1d10      1%          1
 Necrotise                Necr           100%       1d9       1%          1
 Sandblast                Erth           100%       2d20      1%          1
 Slow                     Hex            100%       N/A       1%          1
 Sting                    Tmut/Pois      100%       1d8       1%          1
 Cigotuvi's Dreadful Rot  Necr/Pois/Air  100%       N/A       1%          2
 Ensorcelled Hibernation  Hex/Ice        100%       N/A       1%          2
 Passwall                 Tmut/Erth      51%        N/A       1%          2
 Poisonous Vapours        Pois/Air       100%       N/A       1%          2
 Sublimation of Blood     Necr           45%        N/A       1%          2
 Wereblood                Tmut           45%        N/A       1%          2
 Confusing Touch          Hex            73%        N/A       1%          3
 Frozen Ramparts          Ice            100%       1d16      1%          3
 Ignite Poison            Fire/Tmut/Pois 100%       N/A       1%          3
 Ozocubu's Armour         Ice            80%        N/A       1%          3
 Portal Projectile        Hex/Tloc       100%       N/A       1%          3
 Spider Form              Tmut/Pois      47%        N/A       1%          3
 Stone Arrow              Conj/Erth      100%       3d13      1%          3
 Swiftness                Air            100%       N/A       1%          3
 Tukima's Dance           Hex            73%        N/A       1%          3
 Airstrike                Air            50%        2d(8-24)  1%          4
 Anguish                  Hex/Necr       30%        N/A       1%          4
 Cause Fear               Hex            36%        N/A       1%          4
 Fulminant Prism          Conj/Hex       46%        3d21      1%          4
 Ice Form                 Ice/Tmut       71%        N/A       1%          4
 Leda's Liquefaction      Hex/Erth       40%        N/A       1%          4
 Olgreb's Toxic Radiance  Pois           49%        N/A       1%          4
 Summon Ice Beast         Ice/Summ       100%       N/A       1%          4
 Arcjolt                  Conj/Air       59%        1d69      1%          5
 Freezing Cloud           Conj/Ice/Air   65%        6-21      1%          5
 Irradiate                Conj/Tmut      42%        3d25      1%          5
 Lightning Bolt           Conj/Air       59%        1d81      1%          5
 Metabolic Englaciation   Hex/Ice        43%        N/A       1%          5
 Silence                  Hex/Air        48%        N/A       1%          5
 Summon Mana Viper        Hex/Summ       95%        N/A       1%          5
 Yara's Violent Unravell  Hex/Tmut       30%        3d13      1%          5
 Conjure Ball Lightning   Conj/Air       59%        3x3d21    1%          6
 Iron Shot                Conj/Erth      53%        9d10      1%          6
 Starburst                Conj/Fire      95%        6d24      1%          6
 Summon Cactus Giant      Summ           56%        N/A       1%          6
 Animate Dead             Necr           45%        N/A       2%          4
 Dispel Undead            Necr           45%        3d17      2%          4
 Petrify                  Tmut/Erth      62%        N/A       2%          4
 Blade Hands              Tmut           22%        N/A       6%          5
 Borgnjor's Vile Clutch   Necr/Erth      31%        N/A       6%          5
 Simulacrum               Ice/Necr       35%        N/A       21%         6
 Death Channel            Necr           22%        N/A       32%         6
 Eringya's Noxious Bog    Tmut/Pois      23%        N/A       32%         6
 Monstrous Menagerie      Summ           56%        N/A       1%          7
 Spellforged Servitor     Conj/Summ      55%        N/A       1%          7
 Summon Horrible Things   Summ           56%        N/A       1%          8
 Disjunction              Tloc           51%        N/A       3%          8
 Haunt                    Necr/Summ      43%        N/A       4%          7
 Dragon's Call            Summ           56%        N/A       12%         9
 Enfeeble                 Hex            36%        N/A       19%         7
 Lehudib's Crystal Spear  Conj/Erth      53%        10d12     38%         8
 Storm Form               Tmut/Air       41%        N/A       41%         7
 Ozocubu's Refrigeration  Ice            40%        4d16      50%         7
 Maxwell's Capacitive Co  Air            50%        ∞         61%         8
 Discord                  Hex            36%        N/A       78%         8
 Chain Lightning          Conj/Air       59%        3d78      82%         9
 Dragon Form              Tmut           22%        N/A       86%         7
 Borgnjor's Revivificati  Necr           22%        N/A       100%        8
 Necromutation            Tmut/Necr      22%        N/A       100%        8
 Death's Door             Necr           22%        N/A       100%        9
 Polar Vortex             Ice            40%        N/A       100%        9
 Shatter                  Erth           31%        3d25*     100%        9
 Animate Armour           Summ/Erth      Unusable   N/A       N/A         4

Dungeon Overview and Level Annotations

Branches:
Dungeon (15/15)            Temple (0/1) D:4            Lair (5/5) D:10
 Shoals (4/4) Lair:3        Snake (4/4) Lair:3        Slime (5/5) Lair:4
    Orc (2/2) D:11            Elf (3/3) Orc:2        Vaults (5/5) D:13
  Crypt (0/3) Vaults:2     Depths (4/4) D:15           Hell (visited)
    Dis (0/7) Hell            Geh (0/7) Hell            Coc (5/7) Hell
    Tar (0/7) Hell            Zot (0/5) Depths:4     Bailey (visited)
Gauntlet (visited)

Altars:
Cheibriados
Dithmenos
Elyvilon
Hepliaklqana
Kikubaaqudgha
Makhleb
Nemelex Xobeh
Okawaru
Qazlal
Sif Muna
Uskayaw
Vehumet
Wu Jian
Xom
Yredelemnul
Zin
The Shining One
Jiyva

Shops:
D:1 (   D:4 *   D:6 :   Orc:2 =(=!(   Elf:1 [   Elf:2 ([(   Elf:3 *
Vaults:2 (   Vaults:4 *[[*   Vaults:5 (:   Depths:2 [   Depths:3 =   Depths:4 ?

Portals:
Hell: Depths:1 Depths:2 Depths:3 Depths:4
Abyss: Depths:1 Depths:3 Depths:4
Pandemonium: Depths:1 Depths:2
Ziggurat: Depths:3
Trove: D:14 (give +7 demon blade)

Annotations:
D:8 1 runed translucent door, Zigma's ghost, novice OpMo
Shoals:3 1 transporter
Depths:3 2 transporters, exclusion: orange crystal statue


Innate Abilities, Weirdness & Mutations

You cannot wear most types of armour.
You are amphibious.
You can wear up to eight rings at the same time.
Your skin changes colour to match your surroundings (Stealth+).
Your rubbery body absorbs attacks. (AC +1, EV +1)
((You are camouflaged when in or above water. (Stealth+)))
You have tentacles for arms and can constrict up to eight enemies at once.
You possess an exceptional clarity of mind.
Your mind is acute. (Int +4, Str/Dex -1)
You are strong-willed. (Will+)
You expend magic power (3 MP) to strengthen your wands.


Message History

Press: ? - help, v - describe, . - travel Some shallow water, summoned.
There is a cloud of magical condensation here.
Press: ? - help, v - describe, . - travel
Here: a caustic shrike simulacrum (lightly damaged)
The floor.
Unknown command.
Unknown command.
Unknown command.
Unknown command.
The caustic shrike simulacrum misses you.
The water elemental is engulfed in a cloud of scalding steam.
There is a gateway leading out of Cocytus here.
It's too cold; everything's frozen solid!
Okay, then.
Unknown command.
Unknown command.
Unknown command.
Unknown command.
Casting: Flame Wave (safe; 0% risk of failure)
Confirm with . or Enter, or press ? or * to list all spells.
Okay, then.
Unknown command.
Unknown command.
Unknown command.
Unknown command.
Casting: Flame Wave (safe; 0% risk of failure)
Confirm with . or Enter, or press ? or * to list all spells.
Casting: Dispersal (mildly dangerous; 1% risk of failure)
Press: ? - help, Dir - look around, f - activate The caustic shrike simulacrum disappears!
The water elemental blinks!
The elemental wellspring blinks!
The wendigo gestures.
The spriggan defender simulacrum collapses into a mass of ice!
The mass of ice explodes!
The seracfall engulfs the harpy simulacrum!!
The harpy simulacrum partially resists.
The harpy simulacrum vaporises!
The seracfall engulfs you!! You partially resist.
You die...

##..~§~§≈≈
.####.~~≈§§§§
~.....~§≈§^~
≈≈≈≈.≈≈≈~..
≈.≈≈≈≈§~E.
.....≈≈..#
#..≈.E##
#.≈≈§@#
#.≈§§○#
#..§§Z..≈≈≈≈.
##.§E.☼≈≈≈R..
#.†≈≈~≈...##
#.EE~...###
#.~~E..##
#R~Z~.##
.~~~~.#


You could see a wendigo, an elemental wellspring, 5 water elementals, a harpy
simulacrum and a nagaraja simulacrum.

Vanquished Creatures
  the Royal Jelly (Slime:5)
  A dread lich (Vaults:5)
  2 ancient liches (Vaults:5)
  15 shard shrikes
  Vashnia (Snake:4)
  6 golden dragons
  Geryon (Hell)
  A bone dragon (Depths:4)
  3 tentacled monstrosities
  Jorgrun (Orc:2)
  Rupert (D:12)
  A tainted leviathan (Hell)
  The ghost of brujo666 the Warrior, an adept DsGl of Gozag (Depths:2)
  4 liches
  3 deep elf blademasters
  A deep elf master archer (Elf:3)
  An Ice Fiend (Coc:2)
  A walking divine tome (Depths:3)
  Murray (Hell)
  6 searing wretches (Hell)
  14 acid blobs
  8 titans
  4 sphinxes
  Agnes (Snake:4)
  5 tengu reavers
  4 rockslimes
  7 azure jellies
  8 narguns
  A storm dragon (Depths:4)
  A draconian monk (Depths:4)
  4 nagarajas (Snake:4)
  9 frost giants
  An iron dragon (Vaults:5)
  8 fire giants
  5 shard shrike simulacra
  A juggernaut zombie (Depths:2)
  4 deep elf sorcerers (Elf:3)
  13 vault wardens
  A draconian shifter (Depths:4)
  A balrug (Hell)
  3 deep elf elementalists (Elf:3)
  2 angels (Vaults:4)
  4 orc warlords
  13 stone giants
  3 reapers (Hell)
  2 cacodemons (Hell)
  The ghost of Ocvauboc the Covert, an adept SpEn of Okawaru (Shoals:2)
  11 quicksilver oozes
  11 ironbound preservers
  11 very ugly things
  4 vampire knights
  An ironbound thunderhulk (Vaults:2)
  2 war gargoyles
  16 elemental wellsprings
  A black draconian (Depths:4)
  3 putrid mouths (Hell)
  2 lorocyprocas (Hell)
  A purple draconian (Depths:4)
  5 deep elf demonologists (Elf:3)
  A dire elephant (Vaults:1)
  A minotaur (Gauntlet)
  A white draconian (Depths:4)
  A bunyip (shapeshifter) (Vaults:5)
  4 wendigos
  11 deep elf annihilators
  9 ettins
  A blizzard demon (Hell)
  A green death (Hell)
  7 merfolk impalers
  6 deep elf death magi (Elf:3)
  2 merfolk javelineers (Shoals:4)
  Josephine (D:12)
  A crystal guardian (Hell)
  12 fire dragons
  An iron golem (Hell)
  5 yaktaur captains
  6 great orbs of eyes
  2 entropy weavers (Vaults:3)
  3 deep elf high priests
  3 spriggan zombies (Hell)
  3 ice dragons
  5 rakshasas
  5 caustic shrike simulacra
  29 vault guards
  A peacekeeper (Vaults:4)
  7 anacondas
  4 ogre magi
  5 ironbound frosthearts
  An anaconda (shapeshifter) (Vaults:5)
  A stoker (Hell)
  3 hydras
  3 juggernaut simulacra
  3 merfolk avatars
  A spriggan air mage (Depths:2)
  11 dancing weapons
  7 deep troll shamans
  9 centaur warriors
  A satyr (Shoals:2)
  2 two-headed ogres
  3 boulder beetles
  A death yak (Lair:4)
  4 merfolk aquamancers
  12 deep troll earth magi
  4 tengu warriors
  An orc high priest (Orc:1)
  A spriggan berserker (Depths:3)
  6 naga warriors
  5 shock serpents
  8 soul eaters
  2 crystal echidnas (Hell)
  13 deep elf knights
  A vampire mage (Depths:1)
  9 sun demons
  6 naga sharpshooters
  7 hell knights
  The ghost of WasteTime5 the Grappler, a novice TrTm (D:7)
  8 sea snakes
  11 iron trolls
  4 salamander mystics
  A sixfirhy (Depths:1)
  A fire crab (Gauntlet)
  A fire crab (shapeshifter) (Vaults:5)
  45 deep trolls
  3 quicksilver dragon simulacra
  5 glowing orange brains
  3 naga ritualists
  A golden dragon skeleton (Depths:1)
  A kraken simulacrum (Hell)
  8 lindwurms
  3 wizards
  An anaconda zombie (Hell)
  6 spriggan simulacra
  23 deep elf zephyrmancers
  2 orange crystal statues (Hell)
  5 phantasmal warriors (Vaults:5)
  15 ironbound convokers
  3 orc knights
  9 deep elf archers
  28 deep elf pyromancers
  11 necromancers
  14 manticores
  3 oklob plants (Lair:4)
  27 harpies
  5 shining eyes
  A frost giant zombie (Depths:1)
  10 orc sorcerers
  A human zombie (Hell)
  2 salamanders (Depths:1)
  A wolf spider (shapeshifter) (Vaults:5)
  6 mana vipers
  14 cyclopes
  5 fauns (Shoals:2)
  2 rust devils
  A frost giant skeleton (Depths:2)
  36 ugly things
  11 elephants
  28 black mambas
  7 water nymphs
  5 titan simulacra
  3 molten gargoyles (Lair:5)
  5 merfolk sirens
  13 vault sentinels
  An eye of devastation (Slime:4)
  5 guardian serpents
  8 cane toads
  7 naga magi
  4 orange demons
  2 gargoyles
  4 hellions
  2 nameless horrors
  A tormentor (Depths:1)
  4 rime drakes
  3 kobold demonologists
  6 freezing wraiths
  12 komodo dragons
  11 yaktaurs
  A tengu conjurer (Depths:1)
  6 anaconda simulacra
  A golden dragon simulacrum (Coc:3)
  An iron giant simulacrum (Coc:3)
  A bunyip simulacrum (Hell)
  2 red devils
  An ice devil (Gauntlet)
  18 merfolk
  A sea snake skeleton (Hell)
  7 polar bears
  A meliai (shapeshifter) (D:15)
  8 trolls
  4 wind drakes
  A polar bear (shapeshifter) (Vaults:5)
  A hydra zombie (Hell)
  19 blink frogs
  Grinder (D:3)
  A sphinx simulacrum (Vaults:5)
  2 hydra skeletons (Hell)
  2 harpy skeletons (Hell)
  A tarantella (Vaults:5)
  Prince Ribbit (D:8)
  A dream sheep (shapeshifter) (Vaults:5)
  4 dream sheep (Shoals:3)
  A jumping spider (Vaults:5)
  6 snapping turtles
  3 shadows
  A jumping spider (shapeshifter) (D:14)
  4 dire elephant simulacra
  2 air elementals (Elf:2)
  A culicivora (Vaults:5)
  79 slime creatures
  15 water elementals
  A centaur simulacrum (D:14)
  An alligator skeleton (Hell)
  A hog (shapeshifter) (Elf:1)
  5 fire bats (Gauntlet)
  28 yaks
  6 wraiths
  A vampire (D:10)
  4 wyverns
  7 golden eyes
  A redback simulacrum (D:14)
  8 basilisks
  4 steam dragons
  A fire elemental (Elf:3)
  A redback (shapeshifter) (Vaults:2)
  3 redbacks
  4 vampire mosquitoes (D:11)
  5 wargs
  10 harpy simulacra
  An acid dragon (D:8)
  33 nagas
  12 water moccasins
  2 glowing shapeshifter zombies
  A floating eye (Depths:2)
  3 hydra simulacra
  A two-headed ogre zombie (D:11)
  3 hell hounds
  A human skeleton (Depths:1)
  A floating eye (shapeshifter) (Vaults:5)
  22 orc warriors
  An ice beast (D:8)
  A sky beast (D:7)
  2 black bears
  An ice dragon simulacrum (Coc:1)
  6 boggarts
  2 ettin simulacra
  16 wolves
  An alligator simulacrum (Hell)
  7 ogres
  7 centaurs
  3 phantoms
  12 kobold brigands
  2 gnoll sergeants (D:7)
  8 bullfrogs
  2 naga simulacra
  A scorpion (D:7)
  2 troll zombies (D:11)
  8 killer bees (D:8)
  4 electric eels (D:10)
  4 howler monkeys
  5 lava snakes (Lair:5)
  4 hounds
  15 orc priests
  5 iguanas
  44 orc wizards
  5 hell rats (Lair:2)
  4 ogre zombies (D:11)
  2 howler monkey zombies (D:9)
  17 gnolls
  9 adders
  6 white imps
  An ufetubus (D:5)
  4 worms (D:2)
  5 dart slugs
  69 orcs
  6 endoplasms
  5 giant cockroaches
  12 goblins
  15 hobgoblins
  3 jackals (D:2)
  20 kobolds
  2 quokkas
  7 ball pythons
  7 bats
  A frilled lizard (D:2)
  A goblin skeleton (D:11)
  2 goblin zombies (D:11)
  4 hobgoblin zombies (D:11)
  2 orc skeletons (D:11)
  15 orc zombies (D:11)
  8 rats
  2 bushes
  A creeping inferno (Hell)
  7 fire vortices (Hell)
  4 tentacles (Hell)
1758 creatures vanquished.

Vanquished Creatures (collateral kills)
  Mennas (Vaults:2)
  Sojobo (Vaults:4)
  The ghost of Vafan the Slayer, a veteran FoFi of Okawaru (Elf:1)
  A titan (Vaults:5)
  A tentacled monstrosity (Vaults:5)
  The ghost of Odexios the Stormcaller, an adept OpSu of Gozag (Shoals:3)
  A lich (Vaults:1)
  A deep elf master archer (Elf:3)
  4 acid blobs
  A kraken (Shoals:2)
  The ghost of LetschGu the Bludgeoner, an adept TrMo of Jiyva (Shoals:1)
  A shadow dragon (Vaults:5)
  3 tengu reavers
  3 nagarajas (Snake:4)
  5 fire giants
  12 rockslimes
  An azure jelly (Slime:4)
  The ghost of Decipherer the Bludgeoner, a journeyman MiBe of Trog (Elf:2)
  4 vault wardens
  Aizul (Snake:4)
  A ghoul (Vaults:2)
  A deep elf elementalist (Elf:3)
  5 quicksilver oozes
  6 ironbound preservers
  A very ugly thing (Vaults:5)
  A deep elf demonologist (Elf:1)
  3 ironbound thunderhulks
  8 dire elephants
  A minotaur (Elf:2)
  2 deep elf death magi
  A merfolk impaler (Shoals:4)
  An ettin (Vaults:2)
  5 yaktaur captains
  An entropy weaver (Vaults:3)
  2 vault guards (Vaults:3)
  A salamander tyrant (Snake:4)
  A catoblepas (Lair:2)
  An alligator snapping turtle (Shoals:3)
  3 boulder beetles
  5 centaur warriors
  An ogre mage (Orc:2)
  A hydra (D:14)
  A merfolk aquamancer (Shoals:4)
  A death knight (Vaults:2)
  2 ironbound frosthearts
  3 anacondas (Snake:4)
  18 dancing weapons
  2 tengu warriors
  3 naga warriors
  5 hell knights (Depths:4)
  8 deep elf knights
  6 naga sharpshooters
  Nergalle (Orc:1)
  A sun demon (Hell)
  A skeletal warrior (Vaults:2)
  14 deep trolls
  2 salamander mystics (Snake:4)
  2 sea snakes
  A flayed ghost (Vaults:1)
  4 naga ritualists
  9 deep elf archers
  2 lindwurms
  A wizard (Vaults:3)
  6 ironbound convokers
  12 deep elf pyromancers
  A mana viper (Snake:4)
  A wolf spider (D:14)
  3 necromancers
  16 ugly things
  17 deep elf zephyrmancers
  A mana viper (shapeshifter) (Gauntlet)
  5 cyclopes
  2 manticores
  An orc knight (Vaults:1)
  4 salamanders
  2 orc sorcerers (Orc:2)
  A stone giant zombie (Hell)
  A cyclops (shapeshifter) (Slime:4)
  A faun (Shoals:2)
  2 merfolk sirens
  5 black mambas
  An elephant (shapeshifter) (Elf:2)
  A water nymph (Shoals:3)
  A guardian serpent (Snake:4)
  3 naga magi
  A human zombie (Vaults:5)
  3 vault sentinels
  2 cane toads
  16 yaktaurs
  A rime drake (Lair:5)
  3 wind drakes
  10 merfolk
  5 snapping turtles
  26 slime creatures
  4 water elementals
  An air elemental (Elf:3)
  A vampire (D:12)
  A wyvern (Lair:5)
  A fire bat (Gauntlet)
  3 basilisks (Lair:5)
  2 redbacks (Vaults:3)
  A warg (Orc:1)
  12 nagas
  A swamp worm (shapeshifter) (Gauntlet)
  3 hell hounds (Lair:5)
  3 orc warriors (Orc:1)
  An ogre (Orc:2)
  2 boggarts
  2 centaurs (D:12)
  An earth elemental (Elf:3)
  A troll zombie (D:11)
  2 orc priests
  2 orc wizards (Orc:2)
  A gnoll (Bailey)
  5 orcs
  A goblin (Bailey)
  A goblin skeleton (D:11)
  33 foxfires
  A plant (Shoals:2)
  3 tentacles (Shoals:2)
427 creatures vanquished.

Vanquished Creatures (others)
  Zenata (Elf:3)
  27 eldritch tentacles
  A deep elf master archer (Elf:2)
  2 acid blobs
  A nagaraja (Snake:4)
  A vault warden (Vaults:1)
  A shard shrike simulacrum (Coc:5)
  A war gargoyle (Vaults:5)
  A stone giant (Elf:2)
  A very ugly thing (D:14)
  A dire elephant (Vaults:1)
  A deep elf death mage (Elf:3)
  A fire dragon (shapeshifter) (Elf:3)
  A merfolk javelineer (Shoals:4)
  2 merfolk impalers (Shoals:4)
  2 yaktaur captains (Vaults:1)
  An ironbound frostheart (Vaults:1)
  2 centaur warriors (Vaults:1)
  2 dancing weapons (Elf:2)
  A naga warrior (Snake:4)
  A naga sharpshooter (Snake:4)
  A naga ritualist (Snake:4)
  A deep troll (Vaults:2)
  A phantasmal warrior (D:14)
  A spriggan simulacrum (Coc:5)
  2 wizards
  2 deep elf archers (Elf:2)
  2 deep elf pyromancers (Elf:3)
  3 deep elf zephyrmancers
  A manticore (Shoals:4)
  A black mamba (Snake:4)
  A naga mage (Snake:4)
  3 merfolk
  2 slime creatures
  A basilisk (D:14)
  A harpy simulacrum (Coc:5)
  2 fire vortices (Hell)
  4133 foxfires
  40 fungi
  139 plants
  5 tentacles (Shoals:2)
4394 creatures vanquished.

Grand Total: 6579 creatures vanquished

Notes
Turn   | Place    | Note
-------+----------+-------------------------------------------
     0 | D:1      | Conn the Octopode Fire Elementalist began the quest for the
                  | Orb.
     0 | D:1      | Reached XP level 1. HP: 11/11 MP: 3/3
   170 | D:1      | Found Maxeomoi's Weapon Shop.
   395 | D:1      | Reached XP level 2. HP: 17/17 MP: 3/5
   450 | D:1      | Learned a level 2 spell: Scorch
  1192 | D:2      | Reached XP level 3. HP: 21/21 MP: 3/6
  1692 | D:2      | Found the +3 giant club "Skullcrusher" {speed, Str+7}
  1741 | D:2      | Reached skill level 3 in Spellcasting
  1741 | D:2      | Reached XP level 4. HP: 12/27 MP: 0/8
  2117 | D:3      | Learned a level 3 spell: Kindle Blastsparks
  2121 | D:3      | Learned a level 3 spell: Inner Flame
  2347 | D:3      | Found a shimmering blue altar of Sif Muna.
  2353 | D:3      | Became a worshipper of Sif Muna the Loreminder
  2364 | D:3      | Reached XP level 5. HP: 22/31 MP: 1/10
  2439 | D:3      | Got Sif Muna's Compilation of Bombardment
  2733 | D:3      | Found a faded altar of an unknown god.
  2904 | D:3      | Noticed Grinder
  2904 | D:3      | Noticed a black bear
  2934 | D:3      | Killed a black bear
  2935 | D:3      | Reached XP level 6. HP: 36/36 MP: 3/11
  3007 | D:3      | Killed Grinder
  3008 | D:3      | Reached skill level 4 in Spellcasting
  3328 | D:3      | Found a glowing silver altar of Zin.
  3359 | D:3      | Learned a level 4 spell: Flame Wave
  3500 | D:4      | Found a white marble altar of Elyvilon.
  3576 | D:4      | Reached XP level 7. HP: 41/41 MP: 8/13
  3845 | D:4      | Found a staircase to the Ecumenical Temple.
  4168 | D:4      | Found a shimmering altar of Xom.
  4279 | D:4      | Reached skill level 1 in Short Blades
  4380 | D:4      | Found Toogas's Assorted Antiques.
  4386 | D:4      | Bought a shiny buckler for 150 gold pieces
  4427 | D:5      | Entered Level 5 of the Dungeon
  4436 | D:5      | Reached skill level 5 in Stealth
  4464 | D:5      | Reached * piety under Sif Muna
  4544 | D:5      | Found a glowing golden altar of the Shining One.
  4570 | D:5      | Reached skill level 5 in Spellcasting
  4582 | D:5      | Reached XP level 8. HP: 39/46 MP: 7/15
  5133 | D:5      | Found an ancient bone altar of Kikubaaqudgha.
  5153 | D:5      | Found an ornate altar of the Wu Jian Council.
  5188 | D:5      | Reached skill level 5 in Fire Magic
  5304 | D:5      | Found a sparkling altar of Nemelex Xobeh.
  5501 | D:6      | Found a shadowy altar of Dithmenos.
  5510 | D:6      | Reached skill level 6 in Spellcasting
  5555 | D:6      | Found Namutill's Book Shoppe.
  5685 | D:6      | Reached XP level 9. HP: 51/51 MP: 1/19
  6052 | D:6      | Found a hide-covered altar of Uskayaw.
  6171 | D:6      | Found a stormy altar of Qazlal.
  6332 | D:7      | Found a runed translucent gate.
  6332 | D:7      | Found a runed translucent gate.
  6332 | D:7      | Found a runed translucent gate.
  6341 | D:7      | Reached skill level 7 in Spellcasting
  6370 | D:7      | Reached skill level 5 in Conjurations
  6619 | D:7      | Reached ** piety under Sif Muna
  6890 | D:7      | Found a radiant altar of Vehumet.
  6947 | D:7      | Reached skill level 1 in Invocations
  6949 | D:7      | Reached skill level 8 in Spellcasting
  7157 | D:7      | Noticed WasteTime5's ghost (novice TrTm)
  7247 | D:8      | Noticed a kobold demonologist
  7247 | D:8      | Noticed a kobold demonologist
  7249 | D:8      | Noticed an orange demon
  7251 | D:8      | Noticed a kobold demonologist
  7321 | D:7      | Reached skill level 1 in Hexes
  7325 | D:7      | Killed WasteTime5's ghost
  7326 | D:7      | Reached XP level 10. HP: 37/57 MP: 0/22
  7559 | D:8      | Killed a kobold demonologist
  7563 | D:7      | Killed a kobold demonologist
  7854 | D:8      | Reached *** piety under Sif Muna
  8139 | D:8      | Found a runed translucent door.
  8139 | D:8      | Noticed Zigma's ghost (novice OpMo)
  8139 | D:8      | Noticed a centaur warrior
  8145 | D:8      | Learned a level 3 spell: Hailstorm
  8150 | D:8      | Learned a level 4 spell: Summon Lightning Spire
  8165 | D:8      | Killed a kobold demonologist
  8166 | D:8      | Reached skill level 9 in Spellcasting
  8318 | D:8      | Reached skill level 1 in Translocations
  8468 | D:8      | Noticed Prince Ribbit
  8471 | D:8      | Killed Prince Ribbit
  8909 | D:9      | Reached skill level 1 in Ice Magic
  9269 | D:9      | Reached XP level 11. HP: 62/62 MP: 24/24
  9297 | D:9      | Reached skill level 1 in Air Magic
  9900 | D:9      | Reached **** piety under Sif Muna
 10089 | D:9      | Found a basalt altar of Yredelemnul.
 10292 | D:10     | Entered Level 10 of the Dungeon
 10295 | D:10     | Found a burning altar of Makhleb.
 10300 | D:10     | Found a snail-covered altar of Cheibriados.
 10301 | D:10     | Found a hazy altar of Hepliaklqana.
 10399 | D:10     | Reached XP level 12. HP: 67/67 MP: 6/25
 10813 | D:10     | Found a flagged portal.
 10823 | Bailey   | Entered a bailey
 11982 | Bailey   | Reached skill level 10 in Spellcasting
 12504 | Bailey   | Noticed an orc warlord
 12548 | Bailey   | Killed an orc warlord
 12748 | Bailey   | Acquired a ring of wizardry
 12902 | Bailey   | Gained mutation: Your mind is acute. (Int +4, Str/Dex -1)
                  | [potion of mutation]
 13061 | D:10     | Found a staircase to the Lair.
 13393 | Lair:1   | Entered Level 1 of the Lair of Beasts
 13413 | Lair:1   | Reached skill level 1 in Shields
 13519 | Lair:1   | Reached ***** piety under Sif Muna
 13532 | Lair:1   | Received a gift from Sif Muna
 13546 | Lair:1   | Reached skill level 5 in Invocations
 13672 | Lair:1   | Got Sif Muna's Incunabulum of Lightning and Metamorphosis
                  | {god gift}
 14711 | Lair:2   | Noticed a boulder beetle
 14877 | Lair:2   | Reached XP level 13. HP: 48/72 MP: 10/27
 15219 | Lair:2   | Reached skill level 11 in Spellcasting
 15562 | Lair:2   | Learned a level 5 spell: Lightning Bolt
 15570 | Lair:2   | Learned a level 7 spell: Summon Hydra
 16801 | Lair:3   | Found a staircase to the Snake Pit.
 17047 | Lair:3   | Received a gift from Sif Muna
 17050 | Lair:3   | Got Emuweat's Opusculum on Transfiguration and
                  | Transportation {god gift}
 17432 | Lair:3   | Found a staircase to the Shoals.
 17466 | Lair:3   | Identified the ring "Jisatit" {Contam rElec rC+ rCorr MP+9
                  | Str+4}
 17915 | Lair:4   | Found a viscous altar of Jiyva.
 17915 | Lair:4   | Found a glowing golden altar of the Shining One.
 17915 | Lair:4   | Found a staircase to the Slime Pits.
 18606 | Lair:4   | Learned a level 3 spell: Stone Arrow
 18845 | Lair:4   | Reached skill level 10 in Fire Magic
 19235 | D:1      | Bought the +3 Elemental Staff {rElec rF++ rC++ AC+5} for
                  | 865 gold pieces
 19235 | D:1      | Found the +3 Elemental Staff {rElec rF++ rC++ AC+5}
 20053 | Lair:5   | Entered Level 5 of the Lair of Beasts
 20082 | Lair:5   | Reached skill level 10 in Summonings
 20489 | Lair:5   | Reached XP level 14. HP: 62/77 MP: 27/29
 20626 | Lair:5   | Reached skill level 12 in Spellcasting
 21322 | Lair:5   | Reached skill level 5 in Shields
 21823 | Lair:5   | Found a large runed translucent door.
 21823 | Lair:5   | Found a large runed translucent door.
 22657 | Lair:5   | Reached skill level 5 in Air Magic
 22809 | Snake:1  | Entered Level 1 of the Snake Pit
 24067 | Snake:1  | Found a hazy altar of Hepliaklqana.
 24083 | Snake:1  | Reached skill level 5 in Translocations
 25230 | D:11     | Received a gift from Sif Muna
 25497 | D:11     | Reached XP level 15. HP: 81/81 MP: 31/31
 25540 | D:11     | Got Sif Muna's Writings on the Wyrd and Fumes {god gift}
 25559 | D:11     | Found a staircase to the Orcish Mines.
 26306 | Orc:1    | Entered Level 1 of the Orcish Mines
 26310 | Orc:1    | Noticed Nergalle
 26319 | Orc:1    | Killed Nergalle
 26633 | Orc:1    | Learned a level 6 spell: Dispersal
 26636 | Orc:2    | Entered Level 2 of the Orcish Mines
 26639 | Orc:2    | Noticed an orc warlord
 26651 | Orc:1    | Killed an orc warlord
 26652 | Orc:1    | Reached skill level 13 in Spellcasting
 27013 | Orc:2    | Found a burning altar of Makhleb.
 27021 | Orc:2    | Found a staircase to the Elven Halls.
 27396 | Orc:2    | Found Vawn's Antique Weapon Shoppe.
 27486 | Orc:2    | Noticed Jorgrun
 27509 | Orc:2    | Killed Jorgrun
 27810 | Orc:2    | Received a gift from Sif Muna
 27944 | Orc:2    | Found Isuderav's Distillery.
 27962 | Orc:2    | Found a radiant altar of Vehumet.
 27962 | Orc:2    | Paralysed by an ogre mage for 4 turns
 28124 | Orc:2    | Found Waerphirr's Antique Weapon Shoppe.
 28171 | Orc:2    | Found an ancient bone altar of Kikubaaqudgha.
 28381 | Orc:2    | Found Ureyqot's Jewellery Emporium.
 28388 | Orc:2    | Found Hipninum's Jewellery Emporium.
 28396 | Orc:2    | Bought the ring of Ascent {rPois rF- AC+4 Str+3 Dex+4} for
                  | 823 gold pieces
 28419 | Orc:2    | Bought a ring of fire for 350 gold pieces
 28796 | Orc:1    | Paralysed by an orc sorcerer for 5 turns
 29863 | Snake:3  | Reached skill level 5 in Dodging
 30510 | Snake:3  | Received a gift from Sif Muna
 30511 | Snake:3  | Got Sif Muna's Elucidation of Doom {god gift}
 30929 | Snake:3  | Reached XP level 16. HP: 87/87 MP: 32/33
 30967 | Snake:4  | Entered Level 4 of the Snake Pit
 31021 | Snake:4  | Noticed Agnes
 31050 | Snake:4  | Killed Agnes
 31180 | Snake:4  | Noticed a nagaraja
 31190 | Snake:4  | Reached skill level 1 in Fighting
 31191 | Snake:4  | Noticed a nagaraja
 31199 | Snake:4  | Noticed a nagaraja
 31199 | Snake:4  | Noticed a nagaraja
 31368 | Snake:3  | Learned a level 3 spell: Summon Guardian Golem
 31539 | Snake:4  | Killed a nagaraja
 31653 | Snake:4  | Noticed a nagaraja
 31665 | Snake:4  | Killed a nagaraja
 31762 | Snake:4  | Reached skill level 14 in Spellcasting
 31780 | Snake:4  | Killed a nagaraja
 31840 | Snake:4  | Killed a nagaraja
 31888 | Snake:4  | Noticed a nagaraja
 31897 | Snake:4  | Killed a nagaraja
 31900 | Snake:4  | Noticed a nagaraja
 31906 | Snake:4  | Noticed a nagaraja
 31910 | Snake:4  | Killed a nagaraja
 31913 | Snake:4  | Killed a nagaraja
 32222 | Snake:4  | Killed a nagaraja
 32637 | Snake:4  | Noticed Vashnia
 32645 | Snake:4  | Killed Vashnia
 32932 | Snake:4  | Identified the +5 glaive of Paper {freeze, *Corrode Will+
                  | Int+10}
 32957 | Snake:4  | Noticed Aizul
 32972 | Snake:4  | Killed Aizul
 33261 | Snake:4  | Reached XP level 17. HP: 85/93 MP: 23/35
 33628 | Snake:4  | Got a serpentine rune of Zot
 34118 | Slime:1  | Entered Level 1 of the Pits of Slime
 34118 | Slime:1  | Noticed an acid blob
 34118 | Slime:1  | Noticed an acid blob
 34133 | Slime:1  | Killed an acid blob
 34156 | Slime:1  | Killed an acid blob
 34368 | Shoals:1 | Entered Level 1 of the Shoals
 34371 | Shoals:1 | Received a gift from Sif Muna
 34391 | Shoals:1 | Got Sif Muna's Grimoire of Production {god gift}
 34465 | Shoals:1 | Found a runed translucent door.
 34518 | Shoals:1 | Learned a level 7 spell: Monstrous Menagerie
 34624 | Shoals:1 | Reached skill level 15 in Spellcasting
 35779 | Shoals:1 | Noticed LetschGu's ghost (adept TrMo)
 35801 | Shoals:1 | Killed LetschGu's ghost
 36317 | Shoals:2 | Noticed a kraken
 36337 | Shoals:2 | Killed a kraken
 36435 | Shoals:2 | Found a runed translucent gate.
 36436 | Shoals:2 | Found a runed translucent gate.
 36437 | Shoals:2 | Found a runed translucent gate.
 36453 | Shoals:2 | Noticed Ocvauboc's ghost (adept SpEn)
 36466 | Shoals:2 | Killed Ocvauboc's ghost
 36557 | Shoals:2 | Got the Octavo of Incineration
 37015 | Shoals:2 | Learned a level 7 spell: Malign Gateway
 37242 | Shoals:3 | Found a transporter.
 37246 | Shoals:3 | Found a transporter.
 37274 | Shoals:3 | Found a transporter.
 37274 | Shoals:3 | Found a transporter.
 37287 | Shoals:3 | Found a transporter.
 37287 | Shoals:3 | Found a transporter.
 37291 | Shoals:3 | Reached skill level 10 in Translocations
 37572 | Shoals:3 | Received a gift from Sif Muna
 37578 | Shoals:3 | Got Jioplai's Encyclopedia of Impulse {god gift}
 37741 | Shoals:3 | Found a runed translucent door.
 37741 | Shoals:3 | Noticed Odexios's ghost (adept OpSu)
 37755 | Shoals:3 | Killed Odexios's ghost
 37807 | Shoals:3 | Reached XP level 18. HP: 99/99 MP: 34/37
 38220 | Shoals:4 | Entered Level 4 of the Shoals
 38665 | Shoals:4 | Got a barnacled rune of Zot
 38765 | Shoals:4 | Reached skill level 16 in Spellcasting
 38941 | Shoals:4 | Received a gift from Sif Muna
 38944 | Shoals:4 | Got Sif Muna's Anthology of the Impact and the Boggart {god
                  | gift}
 39819 | D:12     | Noticed Rupert
 39834 | D:12     | Killed Rupert
 40161 | D:12     | Identified the ring "Atriyhel" {Drain EV+5 Dex+3}
 40180 | D:12     | Reached skill level 5 in Hexes
 40425 | D:12     | Noticed Josephine
 40430 | D:12     | Killed Josephine
 40804 | D:13     | Found a gate to the Vaults.
 41035 | D:13     | Found a gate leading to a gauntlet.
 41041 | Gauntlet | Entered a Gauntlet
 41041 | Gauntlet | Found a transporter.
 41041 | Gauntlet | Found a transporter.
 41054 | Gauntlet | Found a transporter.
 41058 | Gauntlet | Found a transporter.
 41064 | Gauntlet | Found a runed translucent gate.
 41066 | Gauntlet | Found a transporter.
 41067 | Gauntlet | Found a runed translucent gate.
 41067 | Gauntlet | Found a runed translucent gate.
 41070 | Gauntlet | Found a transporter.
 41078 | Gauntlet | Found a transporter.
 41098 | Gauntlet | Found a transporter.
 41115 | Gauntlet | Found a transporter.
 41119 | Gauntlet | Found a transporter.
 41131 | Gauntlet | Found a transporter.
 41132 | Gauntlet | Found a transporter.
 41294 | Gauntlet | Received a gift from Sif Muna
 41309 | Gauntlet | Got More Thaumaturgy
 41404 | Gauntlet | Identified the amulet "Nihy" {Faith rN+ SInv}
 42559 | D:14     | Reached skill level 1 in Staves
 42657 | D:14     | Found a transporter.
 42661 | D:14     | Identified the +0 robe of Classification {rC- Will+ SInv
                  | Archmagi}
 43131 | D:14     | Found a portal to a secret trove of treasure.
 43540 | D:14     | Found a transporter.
 43806 | D:14     | Reached XP level 19. HP: 103/103 MP: 39/39
 43809 | D:14     | Received a gift from Sif Muna
 44057 | D:14     | Identified the +0 helmet of Bigizo Xosa {Drain rCorr Str+10
                  | Stlth-}
 44124 | D:15     | Entered Level 15 of the Dungeon
 44204 | D:15     | Learned a level 4 spell: Iskenderun's Mystic Blast
 44265 | D:15     | Found a staircase to the Depths.
 44520 | D:15     | Found a hide-covered altar of Uskayaw.
 44899 | D:15     | Reached skill level 15 in Fire Magic
 45464 | Vaults:1 | Entered Level 1 of the Vaults
 45730 | Vaults:1 | Reached skill level 17 in Spellcasting
 45743 | Vaults:1 | Received a gift from Sif Muna
 46123 | Vaults:1 | Reached skill level 15 in Summonings
 46820 | Vaults:1 | Reached skill level 10 in Conjurations
 47948 | Vaults:1 | Identified the +2 leather armour "Pidemul" {Rampage rPois}
 48027 | Vaults:1 | Got Zisax's Quarto of Geometry and Arcane Weapons {god
                  | gift}
 48513 | Vaults:1 | Reached XP level 20. HP: 97/109 MP: 41/41
 49170 | Vaults:2 | Received a gift from Sif Muna
 49179 | Vaults:2 | Noticed Mennas
 49485 | Vaults:1 | Learned a level 3 spell: Mephitic Cloud
 49605 | Elf:1    | Entered Level 1 of the Elven Halls
 49738 | Elf:1    | Noticed Vafan's ghost (veteran FoFi)
 49740 | Elf:1    | Found a runed translucent gate.
 49741 | Elf:1    | Found a runed translucent gate.
 49741 | Elf:1    | Found a runed translucent gate.
 50046 | Elf:1    | Found Ufizxia Woph's Armour Shoppe.
 50727 | Elf:1    | Killed Vafan's ghost
 51014 | Elf:1    | Identified the ring "Adelet" {Fire Str+4}
 51055 | Elf:2    | Received a gift from Sif Muna
 51056 | Elf:2    | Reached skill level 18 in Spellcasting
 51056 | Elf:2    | Got Sif Muna's Lectures on the Geodesic {god gift}
 51112 | Elf:2    | Found Tok Merph's Weapon Shop.
 51129 | Elf:2    | Found Ved Ciuff's Assorted Antiques.
 51129 | Elf:2    | Found Uteta Baorgh's Antique Weapon Boutique.
 51143 | Elf:2    | Found Romenih's Antique Armour Boutique.
 51402 | Elf:2    | Paralysed by an air elemental for 1 turns
 52271 | Elf:2    | Found a runed translucent gate.
 52277 | Elf:2    | Found a runed translucent gate.
 52277 | Elf:2    | Found a runed translucent gate.
 52281 | Elf:2    | Noticed Decipherer's ghost (journeyman MiBe)
 52288 | Elf:2    | Found an iron altar of Okawaru.
 52606 | Elf:2    | Identified the +4 eveningstar of the Devouring Hero {drain,
                  | rF+ Stlth+}
 52608 | Elf:2    | Identified the +2 leather armour of the Raven {rElec rC-
                  | Int+4}
 52623 | Elf:2    | Learned a level 2 spell: Blink
 52633 | Elf:2    | Learned a level 8 spell: Ignition
 52798 | Elf:2    | Found a huge runed translucent gate.
 52798 | Elf:2    | Found a huge runed translucent gate.
 52803 | Elf:2    | Found a huge runed translucent gate.
 52803 | Elf:2    | Found a huge runed translucent gate.
 52803 | Elf:2    | Found a huge runed translucent gate.
 52976 | Orc:2    | Bought the +27 heavy crossbow "Sniper" {heavy, Acc+∞ SInv}
                  | for 1600 gold pieces
 52976 | Orc:2    | Found the +27 heavy crossbow "Sniper" {heavy, Acc+∞ SInv}
 53196 | Elf:2    | Killed Decipherer's ghost
 53330 | Elf:2    | Received a gift from Sif Muna
 53331 | Elf:2    | Got Sif Muna's Codex of the Discharge and Accompaniment
                  | {god gift}
 53346 | Elf:2    | Reached XP level 21. HP: 100/115 MP: 39/43
 54216 | Elf:3    | Entered Level 3 of the Elven Halls
 54231 | Elf:3    | Found Biyralapn's Assorted Antiques.
 54240 | Elf:3    | Bought a scratched sapphire ring for 105 gold pieces
 54240 | Elf:3    | Bought a potion of lignification for 63 gold pieces
 54240 | Elf:3    | Bought a potion of lignification for 63 gold pieces
 54553 | Elf:3    | Paralysed by an orc sorcerer for 2 turns
 55231 | Elf:3    | Paralysed by an air elemental for 1 turns
 55501 | Elf:3    | Identified the +5 broad axe of Compulsion {freeze, Dex+8}
 55520 | Elf:3    | Received a gift from Sif Muna
 55522 | Elf:3    | Got Sif Muna's Thoughts on the Relocated Panacea {god gift}
 55786 | Elf:3    | Identified the +10 long sword "Kautalu" {pain, Fly Str+3
                  | Dex-2}
 55800 | Elf:3    | Noticed Zenata
 56075 | Elf:3    | Killed Zenata
 56874 | Elf:3    | Found the +2 cloak of the Thief {*Fog Slay-2 SInv Stlth+}
 56896 | Elf:3    | Identified the +5 shortbow of Dim Light {drain, rC+}
 57620 | Slime:1  | Gained mutation: You are frail. (-10% HP) [a shining eye]
 57622 | Slime:1  | Received a gift from Sif Muna
 57623 | Slime:1  | Got Sif Muna's Mysticism, Part Seven {god gift}
 57654 | Slime:1  | Reached skill level 19 in Spellcasting
 57818 | Slime:1  | Lost mutation: Your mind is acute. (Int +4, Str/Dex -1)
                  | [potion of mutation]
 57818 | Slime:1  | Lost mutation: You are frail. (-10% HP) [potion of
                  | mutation]
 57818 | Slime:1  | Gained mutation: You possess an exceptional clarity of
                  | mind. [potion of mutation]
 57818 | Slime:1  | Gained mutation: Your mind is acute. (Int +4, Str/Dex -1)
                  | [potion of mutation]
 57818 | Slime:1  | Gained mutation: You expend magic power (3 MP) to
                  | strengthen your wands. [potion of mutation]
 58203 | Slime:2  | Reached XP level 22. HP: 68/120 MP: 8/45
 59564 | Slime:4  | Received a gift from Sif Muna
 59604 | Slime:4  | HP: 6/120 [very large slime creature (48)]
 60009 | Slime:4  | Got Sif Muna's Grimoire of Objectivity {god gift}
 60459 | Slime:5  | Entered Level 5 of the Pits of Slime
 60470 | Slime:5  | Learned a level 7 spell: Spellforged Servitor
 60508 | Slime:5  | Gained mutation: You are somewhat resistant to further
                  | mutation. [a shining eye]
 60509 | Slime:5  | Gained mutation: You are strong-willed. (Will+) [a shining
                  | eye]
 60511 | Slime:5  | Lost mutation: You are somewhat resistant to further
                  | mutation. [a shining eye]
 60861 | Slime:5  | Noticed the Royal Jelly
 61176 | Slime:5  | Killed the Royal Jelly
 61732 | Slime:5  | Learned a level 7 spell: Orb of Destruction
 61847 | Slime:5  | Identified the amulet of the Everdark {+Inv Regen+ rCorr
                  | Str+3 Int+2}
 61849 | Slime:5  | Identified the +8 halberd of Fimbulwinter {drain, rF+ Str+3
                  | Int+3}
 61858 | Slime:5  | Got a slimy rune of Zot
 61898 | Slime:5  | Identified the +4 dire flail "Laubrui" {drain, *Slow rF+
                  | rN++}
 61931 | Slime:5  | Acquired 1049 gold pieces
 61954 | Slime:5  | Identified the +1 pair of gloves of Heresy {rElec}
 61963 | Slime:5  | Identified the +0 pair of gloves "Oxzogump" {Rampage rPois
                  | Will- Str+4}
 62875 | Vaults:2 | Killed Mennas
 63176 | Vaults:2 | Received a gift from Sif Muna
 63382 | Vaults:2 | Found Qopasoakh's Antique Weapon Emporium.
 63390 | Vaults:2 | Bought a jewelled hand axe for 328 gold pieces
 63390 | Vaults:2 | Identified the +11 hand axe of the Baking Gods {heavy, rN+
                  | rCorr} (You bought it in a shop on level 2 of the Vaults)
 63723 | Vaults:2 | Found a staircase to the Crypt.
 64823 | Vaults:3 | Reached skill level 20 in Spellcasting
 65155 | Vaults:3 | Reached XP level 23. HP: 118/126 MP: 19/47
 65987 | Vaults:3 | Received a gift from Sif Muna
 65991 | Vaults:3 | Got Sif Muna's Tome of the Sun and Attendants {god gift}
 66489 | Vaults:4 | Found Kytrosen's Antique Armour Shoppe.
 66991 | Vaults:4 | Found a glowing golden altar of the Shining One.
 66992 | Vaults:4 | Found a glowing silver altar of Zin.
 66996 | Vaults:4 | Noticed Sojobo
 66998 | Vaults:4 | Killed Sojobo
 67143 | Vaults:4 | Found a white marble altar of Elyvilon.
 67256 | Vaults:4 | Found Peder's General Store.
 67264 | Vaults:4 | Bought a +6 ring of intelligence for 576 gold pieces
 67356 | Vaults:4 | Received a gift from Sif Muna
 67363 | Vaults:4 | Got Ynisyc's Catalogue of Thunder and Iniquitous Magic {god
                  | gift}
 67990 | Vaults:4 | Found Jifax's Assorted Antiques.
 68007 | Vaults:4 | Bought a scroll of teleportation for 93 gold pieces
 68007 | Vaults:4 | Bought a scroll of blinking for 232 gold pieces
 68007 | Vaults:4 | Bought a scroll of teleportation for 93 gold pieces
 68155 | Vaults:4 | Found Xymuwk's Armour Boutique.
 68164 | Vaults:4 | Bought the +3 crown of Dyrovepreva {rElec Int+2 SInv} for
                  | 869 gold pieces
 68164 | Vaults:4 | Found the +3 crown of Dyrovepreva {rElec Int+2 SInv}
 68286 | Vaults:5 | Entered Level 5 of the Vaults
 68297 | Vaults:5 | Received a gift from Sif Muna
 68352 | Vaults:5 | Noticed a dread lich
 68353 | Vaults:5 | Noticed a golden dragon
 68359 | Vaults:5 | Killed a golden dragon
 68360 | Vaults:5 | Killed a dread lich
 68360 | Vaults:5 | Noticed a golden dragon
 68385 | Vaults:5 | Reached skill level 21 in Spellcasting
 68389 | Vaults:5 | Killed a golden dragon
 68391 | Vaults:5 | Reached XP level 24. HP: 47/131 MP: 10/48
 69294 | Vaults:5 | Got Ofuiwu's Teachings on Wanderlust and the Sphinx {god
                  | gift}
 69397 | Vaults:5 | Identified the +6 dire flail "Setoigaa" {drain, Dex+2}
 69397 | Vaults:5 | Identified the amulet "Dicoeck" {RegenMP rC- Int+5 Dex+4
                  | Stlth+}
 69419 | Vaults:5 | Identified the +1 halberd of Chaos {heavy, Str+3 Dex+5}
 69475 | Vaults:5 | Received a gift from Sif Muna
 69762 | Vaults:5 | Found the +8 orange crystal plate armour {Archmagi, Int+3
                  | Clar}
 69782 | Vaults:5 | Noticed an ancient lich
 69789 | Vaults:5 | Killed an ancient lich
 69988 | Vaults:5 | Got a silver rune of Zot
 70441 | Vaults:5 | Noticed an ancient lich
 70453 | Vaults:5 | Killed an ancient lich
 70495 | Vaults:5 | Found Tifipt's Weapon Shoppe.
 70808 | Vaults:5 | Found Lyeguiq's Book Shoppe.
 71597 | Depths:1 | Entered Level 1 of the Depths
 72514 | Depths:1 | Found a one-way gate leading to the halls of Pandemonium.
 72739 | Depths:1 | Found a gateway to Hell.
 72764 | Depths:1 | Received a gift from Sif Muna
 72960 | Depths:1 | Got Sif Muna's Writings on the Shocking Retinue {god gift}
 73099 | Depths:1 | Found a one-way gate to the infinite horrors of the Abyss.
 73419 | Depths:1 | Reached skill level 22 in Spellcasting
 73521 | Depths:1 | Learned a level 9 spell: Fire Storm
 73951 | Depths:2 | Identified the amulet of the Lich-sworn {Acrobat +Inv rElec
                  | Int+2}
 74031 | Depths:2 | Found Uleoly Veibb's Armour Shop.
 74033 | Depths:2 | Found a runed translucent door.
 74033 | Depths:2 | Found a shimmering altar of Xom.
 74033 | Depths:2 | Noticed brujo666's ghost (adept DsGl)
 74435 | Depths:2 | Reached XP level 25. HP: 135/135 MP: 40/49
 74510 | Depths:2 | Paralysed by a floating eye for 3 turns
 75293 | Depths:2 | Reached skill level 15 in Conjurations
 75299 | Depths:2 | Killed brujo666's ghost
 75510 | Depths:3 | Found a one-way gateway to a ziggurat.
 75566 | Depths:3 | Received a gift from Sif Muna
 77414 | Depths:3 | Found a transporter.
 77426 | Depths:3 | Found Jaacemij's Jewellery Shop.
 77430 | Depths:3 | Found a transporter.
 77437 | Depths:3 | Bought the amulet "Guethi Veda" {Reflect Harm rPois SH+5}
                  | for 865 gold pieces
 77718 | Depths:4 | Entered Level 4 of the Depths
 78534 | Depths:4 | Found Muetal's Magic Scroll Shoppe.
 78574 | Depths:4 | Bought a scroll of teleportation for 66 gold pieces
 78965 | Depths:4 | Found a gate to the Realm of Zot.
 79007 | Depths:4 | Found a faded altar of an unknown god.
 79007 | Depths:4 | Found a faded altar of an unknown god.
 79009 | Depths:4 | Found a hazy altar of Hepliaklqana.
 79083 | Hell     | Entered the Vestibule of Hell
 79083 | Hell     | Noticed Geryon
 79090 | Hell     | Killed Geryon
 79265 | Hell     | Noticed Murray
 79417 | Depths:4 | Upgraded the game from 0.30-a0-626-gd6a5dd7a1f to
                  | 0.30-a0-627-gc11e7ae810
 79434 | Hell     | Found a gateway to the Iron City of Dis.
 79466 | Hell     | Reached skill level 23 in Spellcasting
 79510 | Hell     | Killed Murray
 79776 | Hell     | Reached XP level 26. HP: 142/142 MP: 10/50
 80056 | Hell     | Found a gateway to the decaying netherworld of Tartarus.
 80172 | Hell     | Found a gateway to the ashen valley of Gehenna.
 80396 | Hell     | Found a gateway to the freezing wastes of Cocytus.
 80590 | Coc:1    | Entered Level 1 of Cocytus
 81083 | Coc:2    | Noticed a shard shrike
 81084 | Coc:2    | Noticed a shard shrike
 81085 | Coc:2    | Noticed a shard shrike
 81086 | Coc:2    | Killed a shard shrike
 81086 | Coc:2    | Noticed a shard shrike
 81087 | Coc:2    | Killed a shard shrike
 81089 | Coc:2    | Killed a shard shrike
 81527 | Coc:2    | Killed a shard shrike
 81527 | Coc:2    | Received a gift from Sif Muna
 81653 | Coc:3    | Noticed a shard shrike
 81767 | Coc:3    | Noticed a shard shrike
 81770 | Coc:3    | Killed a shard shrike
 81773 | Coc:3    | Killed a shard shrike
 82109 | Coc:4    | Noticed a shard shrike
 82109 | Coc:4    | Noticed a shard shrike
 82109 | Coc:4    | Noticed a shard shrike
 82110 | Coc:4    | Killed a shard shrike
 82111 | Coc:4    | Killed a shard shrike
 82111 | Coc:4    | Killed a shard shrike
 82237 | Coc:4    | Received a gift from Sif Muna
 82291 | Coc:4    | Noticed a shard shrike
 82310 | Coc:4    | Noticed a shard shrike
 82310 | Coc:4    | Noticed a shard shrike
 82311 | Coc:4    | Killed a shard shrike
 82312 | Coc:4    | Killed a shard shrike
 82312 | Coc:4    | Killed a shard shrike
 82802 | Coc:5    | Noticed a shard shrike
 82806 | Coc:5    | Noticed a shard shrike
 82807 | Coc:5    | Killed a shard shrike
 82808 | Coc:5    | Reached skill level 24 in Spellcasting
 82808 | Coc:5    | Killed a shard shrike
 82809 | Coc:5    | Noticed a shard shrike
 82815 | Coc:5    | Killed a shard shrike
 82817 | Coc:5    | Killed from afar by a wendigo

Illustrated notes

Levels and vault maps discovered:
D:1:      dpeg_arrival_boxes_within_box, layout_basic, serial_shops, shop
D:2:      layout_loops_cross, minmay_vboxes
D:3:      layout_loops_corners, mainiacjoe_overflow_alcove_2, led_sif_book,
          ebering_ecumenical_altar_rust, uniq_grinder
D:4:      layout_basic, xom_butterflies, kennysheep_little_box,
          minmay_temple_entry_overgrown, serial_shops, nicolae_shop_crystal,
          kennysheep_big_empty_room
D:5:      layout_cave_pools, mainiacjoe_overflow_alcove_4,
          pdpol_wu_jian_five_deadly_venoms, nemelex_spade_bored_becter,
          mainiacjoe_overflow_24_doors, ebering_dispersal_statue_hall
D:6:      layout_basic, nicolae_qazlal_style_of_elements,
          grunt_dithmenos_smoke_and_mirrors,
          mainiacjoe_overflow_six_doors_small, serial_shops, shop
D:7:      layout_basic, lemuel_crystal_altar, gammafunk_ghost_nasty_kobolds,
          kennysheep_generic_room_12
D:8:      layout_loops_ring, ebering_ghost_inner_flame,
          minmay_misc_feat_secret_circle, uniq_prince_ribbit1
D:9:      layout_grid_maze, lemuel_zombie_altar_yredelemnul,
          dreamdust_wishing_well
D:10:     layout_big_octagon, gammafunk_temple_overflow_forgotten,
          enter_bailey_2, serial_bayou, serial_bayou_lagoon_b,
          serial_bayou_ford_a, serial_bayou_shore_b, serial_bayou_shore_b,
          minmay_misc_feat_cross
D:11:     layout_cave_pools, zombieorc2_lemuel
D:12:     layout_grid_maze, uniq_josephine, uniq_rupert
D:13:     layout_roguey, david_vaults_4, gauntlet_entry_generic
D:14:     gammafunk_the_bubble [the_bubble_gammafunk_crates], layout_stronghold,
          trove_entry_hex_spiral, minivault_28
D:15:     grunt_enter_depths_hoard, layout_rooms,
          nicolae_uskayaw_murder_on_the_dancefloor, roderic_lattice_a,
          minmay_misc_feat_tiny, minmay_misc_feat_rugged, st_stairs_12
Lair:1:   layout_loops_ring, infiniplex_staircase_pool_2
Lair:2:   beast_lair_carwin_large_1, layout_cave_pods
Lair:3:   layout_cave_pods, shoals_dummy_entry,
          minmay_snake_entry_guardpost_medium
Lair:4:   layout_layer_cave, minmay_slime_entry_oklob_open, basic_altar,
          beast_lair_carwin_8, grunt_megastairs_5
Lair:5:   cheibrodos_lair_end_hotspot, layout_gridlike
Shoals:1: layout_shoals, ebering_ghost_reflecting_pool, st_shoals_ruin
Shoals:2: layout_shoals, ebering_ghost_rock_garden,
          nicolae_shoals_lost_giant_temple, nicolae_shoals_hidden_pirate_stash
Shoals:3: layout_shoals, gammafunk_ghost_grave, serial_nicolae_subway,
          nicolae_sub_station_crystal, nicolae_sub_station_metal,
          nicolae_sub_station_stone
Shoals:4: shoals_end_simple, layout_shoals
Snake:1:  layout_honeycomb, basic_altar, nicolae_snake_squiggles,
          serial_bayou_shore_b, serial_bayou_shore_b, serial_bayou_shore_b
Snake:2:  layout_misc_corridors, corexii_hall_statues_x
Snake:3:  layout_cave_town, chequers_hall_statues_wall_a, minmay_snake_pond
Snake:4:  johnstein_snake_rune_scales, layout_onion, grunt_megastairs_2,
          uniq_vashnia, uniq_aizul, uniq_agnes
Slime:1:  layout_caves
Slime:2:  layout_caves
Slime:3:  cheibrodos_slime_lost_civilization_10, layout_caves
Slime:4:  layout_caves
Slime:5
Orc:1:    layout_caves, uniq_nergalle
Orc:2:    kennysheep_orc_mage_school, layout_diamond_mine, basic_altar,
          serial_shops, nicolae_shop_stone, david_defended_altar_orc,
          uniq_jorgrun
Elf:1:    eino_elf_arrival_shootout, layout_geoelf_grid, gammafunk_ghost_split,
          serial_shops, nicolae_shop_window_shopping,
          hangedman_elven_crosses_minicolossus
Elf:2:    elven_hall_of_blades_hangedman_alternative
          [nicolae_blade_entry_area_security], layout_geoelf_octagon,
          gammafunk_ghost_fury_of_okawaru, elves_outpost_lemuel,
          minmay_shoptagon
Elf:3:    grunt_elf_hall_branching, layout_loops_corners, serial_shops,
          nicolae_shop_advertising_works [nicolae_subvault_shop_adworks],
          uniq_zenata
Vaults:1: nicolae_vaults_alarming, grunt_vaults_twisty, v_misc_19, kb_rosetta,
          v_pattern_5, v_alt_pattern_6, v_misc_3, grunt_vaults_diagonal,
          vaults_room_stairs_pillars, vaults_room_grunt_arrival_ludios,
          vaults_dpeg_encased_lava, layout_vaults_omnigrid
Vaults:2: nicolae_vaults_c_with_doors, v_misc_5, nicolae_vaults_specimen_jars,
          minmay_crypt_entry_simple_walls, nicolae_vaults_hallways_thing,
          grunt_vaults_funnel, ontoclasm_vaults_ring_square,
          ontoclasm_vaults_twist, vaults_room_pools,
          ontoclasm_vaults_ring_small, layout_vaults_big_room, serial_shops,
          nicolae_shop_temple_entry_statues_fountains, uniq_mennas
Vaults:3: vaults_mumra_chevron_long, hangedman_vaults_corner,
          nicolae_vaults_asterisk, nicolae_vaults_three_branches,
          hangedman_vaults_trim, v_misc_11, vaults_room_corners,
          vaults_room_grunt_arrival_checkpoint, nicolae_vaults_little_ls,
          nicolae_vaults_rhombus_7, st_hourglassy,
          ontoclasm_vaults_loading_screen, nicolae_vaults_little_squares_3,
          layout_vaults_omnicross
Vaults:4: portal_desolation_entry_holy_temple, v_rooms_5,
          ontoclasm_vaults_bender, v_alt_pattern_4, ontoclasm_vaults_chip,
          ontoclasm_vaults_ligature, ontoclasm_vaults_gateway,
          nicolae_vaults_little_squares_1, vaults_mumra_chevron,
          vaults_room_semicircle, hangedman_vaults_cutoff,
          layout_vaults_omnibox, serial_shops, nicolae_lakefront_shop,
          nicolae_shop_hallway_stairs, nicolae_shop_hallway_stairs, shop,
          uniq_sojobo
Vaults:5: serial_shops
Depths:1: layout_cave_shapes, rand_demon_pan_entry_9, abyss_entry, hell_entry,
          hangedman_abyss_or_decor_clamps, minmay_misc_feat_more_columns,
          kennysheep_opposing_triangles
Depths:2: kennysheep_blocky_room, layout_cave_pools, ebering_ghost_xom,
          hell_entry, rand_demon_pan_entry_8, serial_shops, shop
Depths:3: gammafunk_sealed_arena, layout_cave_pools, enter_ziggurat_d,
          hell_entry, abyss_entry, serial_shops, nicolae_shop_trees,
          infiniplex_staircase_squiggle
Depths:4: evilmike_zot_entry_diamond, layout_gridlike, hell_entry, serial_shops,
          shop, nicolae_hepliaklqana_ecumenical_no_more, abyss_entry
Hell
Coc:1:    layout_cocytus_delve
Coc:2:    layout_cocytus_water_paths
Coc:3:    nicolae_coc_hellspring, layout_ice_bergs
Coc:4:    nicolae_coc_through_the_icewall, layout_cocytus_delve
Coc:5:    layout_ice_bergs

Skill      XL: |  1  2  3  4  5  6  7  8  9 10 11 12 13 14 15 16 17 18 19 20 21 22 23 24 25 26 |
---------------+-------------------------------------------------------------------------------+-----
Spellcasting   | 3 4 5 6 8 9 10 11 12 13 14 15 16 17 18 19 20 21 22 23 24 | 24.0
Stealth        | 3 5 6 |  6.7
Conjurations   | 2 3 4 6 7 8 9 10 12 13 14 16 17 | 17.3
Fire Magic     | 4 5 6 7 9 10 11 12 13 14 15 16 17 18 19 20 21 | 21.5
Short Blades   | 1 |  1.8
Dodging        | 3 4 5 6 7 8 |  8.5
Invocations    | 2 3 4 5 7 8 9 |  9.4
Hexes          | 1 2 3 4 5 |  5.7
Translocations | 1 2 3 5 7 8 10 11 12 13 14 | 14.7
Ice Magic      | 1 2 |  2.9
Summonings     | 9 10 11 12 13 14 15 16 17 18 | 18.5
Air Magic      | 1 3 4 5 6 7 |  7.1
Shields        | 2 4 5 6 7 8 9 |  9.4
Fighting       | 1 2 |  2.3
Staves         | 1 2 |  2.0
Throwing       | |  0.7
Poison Magic   | |  0.4

Action                   |  1- 3 |  4- 6 |  7- 9 | 10-12 | 13-15 | 16-18 | 19-21 | 22-24 | 25-27 || total
-------------------------+-------+-------+-------+-------+-------+-------+-------+-------+-------++-------
Melee: Unarmed           |    11 |       |       |       |       |       |       |       |       ||    11
       Tentacles         |     7 |     2 |    12 |     6 |    15 |    15 |    40 |    12 |    13 ||   122
       Constrict         |     8 |     2 |    11 |     7 |    10 |     4 |    15 |     7 |     5 ||    69
       Short sword       |    17 |    10 |    47 |       |       |       |       |       |       ||    74
       Punch             |       |       |     1 |       |     2 |     1 |     2 |     1 |     1 ||     8
       Rapier            |       |       |       |     8 |       |       |       |       |       ||     8
       Staff             |       |       |       |     8 |    49 |    32 |    84 |    36 |    25 ||   234
Throw: Dart              |       |       |       |     2 |     4 |     1 |    12 |       |     2 ||    21
 Cast: Foxfire           |    71 |    36 |   148 |   282 |   689 |   623 |   354 |    86 |    50 ||  2339
       Inner Flame       |       |     2 |     6 |    19 |    65 |    40 |       |       |       ||   132
       Scorch            |       |     3 |    20 |    70 |   201 |   382 |   361 |   156 |    43 ||  1236
       Flame Wave        |       |       |     5 |    37 |    44 |    42 |    55 |    45 |    10 ||   238
       Summon Lightning  |       |       |       |     5 |    52 |    84 |    45 |    10 |     3 ||   199
       Kindle Blastspark |       |       |       |     2 |       |       |       |       |       ||     2
       Hailstorm         |       |       |       |       |    34 |    24 |    15 |    10 |    14 ||    97
       Lightning Bolt    |       |       |       |       |    22 |    14 |       |       |       ||    36
       Dispersal         |       |       |       |       |     1 |     8 |     6 |     1 |     6 ||    22
       Summon Hydra      |       |       |       |       |     1 |    26 |    84 |   111 |    14 ||   236
       Stone Arrow       |       |       |       |       |     1 |     1 |     3 |       |       ||     5
       Summon Guardian G |       |       |       |       |       |    49 |    49 |     6 |       ||   104
       Monstrous Menager |       |       |       |       |       |    13 |     6 |       |       ||    19
       Malign Gateway    |       |       |       |       |       |     2 |    12 |    11 |     2 ||    27
       Iskenderun's Myst |       |       |       |       |       |       |    34 |    58 |   123 ||   215
       Mephitic Cloud    |       |       |       |       |       |       |     8 |       |     3 ||    11
       Ignition          |       |       |       |       |       |       |    26 |   121 |    79 ||   226
       Blink             |       |       |       |       |       |       |       |    27 |     5 ||    32
       Spellforged Servi |       |       |       |       |       |       |       |     3 |       ||     3
       Orb of Destructio |       |       |       |       |       |       |       |   108 |    93 ||   201
       Fire Storm        |       |       |       |       |       |       |       |       |     3 ||     3
Invok: Channel Magic     |       |       |       |     2 |     3 |     5 |     8 |    13 |    14 ||    45
       Forget Spell      |       |       |       |       |     1 |     1 |       |       |       ||     2
Evoke: Wand              |       |       |       |     1 |       |     1 |     1 |       |     1 ||     4
  Use: Scroll            |       |       |    14 |     8 |     8 |    17 |    14 |     6 |     3 ||    70
       Potion            |       |       |     7 |     5 |     6 |    11 |    11 |    11 |     8 ||    59
 Stab: Sleeping          |       |     4 |     8 |       |     1 |     2 |     4 |       |       ||    19
       Distracted        |       |       |       |       |     1 |       |       |       |       ||     1
Armor: Skin              |     5 |       |     7 |    11 |    45 |    90 |    87 |    86 |    59 ||   390
Dodge: Dodged            |    34 |     2 |    40 |   102 |   175 |   374 |   342 |   248 |    85 ||  1402
Block: Buckler           |       |       |     4 |    21 |    94 |   220 |   145 |   168 |    99 ||   751
       Reflection        |       |       |       |       |       |       |       |       |     4 ||     4

Table legend: (Time is in decaauts)
 A = Elapsed time spent in this place.
 B = Non-inter-level travel time spent in this place.
 C = Inter-level travel time spent in this place.
 D = Time resting spent in this place.
 E = Time spent auto-exploring this place.
 F = Levels seen in this place.
 G = Mean time per level.
                   A        B        C        D        E       F      G
               +--------+--------+--------+--------+--------+-----+--------+
         Total |  82898 |  78938 |   3960 |   9817 |  50125 |  55 | 1507.2 |
       Dungeon |  19449 |  17659 |   1790 |   1046 |  12526 |  15 | 1296.6 |
          Lair |   9346 |   8683 |    663 |    874 |   6036 |   5 | 1869.2 |
        Shoals |   5356 |   5165 |    191 |    271 |   3517 |   4 | 1339.0 |
     Snake Pit |   6945 |   6747 |    198 |   1584 |   3578 |   4 | 1736.2 |
    Slime Pits |   5360 |   5192 |    168 |   1478 |   2650 |   5 | 1072.0 |
  Orcish Mines |   3230 |   3005 |    225 |    295 |   1886 |   2 | 1615.0 |
   Elven Halls |   7524 |   7288 |    236 |   1155 |   4009 |   3 | 2508.0 |
        Vaults |  12583 |  12338 |    245 |    851 |   8474 |   5 | 2516.6 |
        Depths |   7137 |   6946 |    191 |   1446 |   4403 |   4 | 1784.2 |
          Hell |   1185 |   1185 |      0 |    162 |    588 |   1 | 1185.0 |
       Cocytus |   2226 |   2176 |     50 |     89 |   1713 |   5 |  445.2 |
        Bailey |   2084 |   2084 |      0 |    565 |    605 |   1 | 2084.0 |
      Gauntlet |    468 |    468 |      0 |      0 |    140 |   1 |  468.0 |
               +--------+--------+--------+--------+--------+-----+--------+

Top non-repeatable levels by time:
Vaults:1: 3816 daAuts
   Elf:2: 3479 daAuts
Vaults:5: 2847 daAuts
   Elf:3: 2468 daAuts
  Lair:5: 2436 daAuts
Depths:2: 2370 daAuts
Vaults:4: 2335 daAuts
 Snake:4: 2324 daAuts
    D:14: 2317 daAuts
Vaults:3: 2100 daAuts
  Bailey: 2084 daAuts
   Orc:2: 2069 daAuts
Depths:1: 2044 daAuts
 Snake:3: 1988 daAuts
  Lair:3: 1883 daAuts
